 Dungeon Crawl Stone Soup version 0.18-a0-59-gb630132 (webtiles) character file.

1413019 Enish the Demonspawn of Death (level 27, -3/226 HPs)
             Began as a Demonspawn Necromancer on Nov 1, 2015.
             Was the Champion of Makhleb.
             Slain by a pearl dragon (26 damage)
             ... on level 17 of a ziggurat on Nov 8, 2015.
             The game lasted 15:30:40 (110254 turns).

Enish the Demonspawn of Death (DsNe)              Turns: 110254, Time: 15:30:40

Health: -3/226     AC: 46    Str: 13    XL:     27
Magic:  53/63      EV: 35    Int: 60    God:    Makhleb [******]
Gold:   17521      SH: 10    Dex: 21    Spells: 13 memorised, 0 levels left

rFire  + + .     SeeInvis +     z - +4 dagger "Morg" {pain, MR+ Int+5}
rCold  + + .     Clarity  .     H - +10 pearl dragon armour of Day {*Corrode rN+ Int+5}
rNeg   + . .     SustAt   .     K - +3 buckler of Altruism {rF+ MR+ Regen+}
rPois  +         Gourm    .     (helmet unavailable)
rElec  .         Spirit   .     L - +2 cloak {MR+}
rCorr  .         Warding  .     x - +2 pair of fencer's gloves {LBl+4 SBl+4 EV+3 Dex+6}
rMut   +         Stasis   .     Z - +1 pair of boots {Fly}
MR     ++++.                    V - amulet of Kalyrail {rMut +Fly rF+ MR- Int+9}
Stlth  +.........               R - ring of Rovappegg {+Fly rPois Int+7 Slay-2}
                                X - ring of the Firefly {rPois rC+ MP+9 Int+5}

@: mighty, phasing, corroded equipment, flying, very slightly contaminated,
glowing, studying 2 skills, repel missiles, incredibly resistant to hostile
enchantments, very unstealthy
A: antennae 3, repulsion field 3, see invisible, cold resistance 1, icemail,
powered by pain 3, robust 3, freezing cloud immunity
a: Minor Destruction, Lesser Servant of Makhleb, Major Destruction, Greater
Servant of Makhleb, Renounce Religion
}: 14/15 runes: decaying, slimy, silver, iron, obsidian, icy, bone, abyssal,
demonic, glowing, magical, fiery, dark, gossamer


You were on level 17 of a ziggurat.
You worshipped Makhleb.
Makhleb was exalted by your worship.
You were full.

You visited 17 branches of the dungeon, and saw 92 of its levels.
You visited Pandemonium 3 times, and saw 26 of its levels.
You visited the Abyss 2 times.
You visited 2 ziggurats, and saw 35 of their levels (deepest: 18).
You also visited: Trove, Ice Cave and Volcano.

You collected 21806 gold pieces.
You spent 4285 gold pieces at shops.

Inventory:

Hand Weapons
 y - the +5 captain's cutlass {speed, disarm}
   (You found it on level 10 of a ziggurat)

   Attacks with this weapon are significantly faster.
 z - the +4 dagger "Morg" (weapon) {pain, MR+ Int+5}
   (You bought it in a shop on level 4 of the Orcish Mines)

   In the hands of one skilled in necromantic magic, it inflicts extra damage on
   living creatures.
   It affects your intelligence (+5).
   It affects your resistance to hostile enchantments.
 A - a +9 demon whip of electrocution
 P - the +6 Sword of Cerebov {flame}
   (You took it off Cerebov in Pandemonium)

   It has been specially enchanted to burn those struck by it, causing extra
   injury to most foes and up to half again as much damage against particularly
   susceptible opponents.
   Big, fiery blades are also staple armaments of hydra-hunters.
Armour
 x - the +2 pair of fencer's gloves (worn) {LBl+4 SBl+4 EV+3 Dex+6}
   (You found it on level 4 of the Depths)

   It affects your evasion (+3).
   It affects your dexterity (+6).
 H - the +10 pearl dragon armour of Day (worn) {*Corrode rN+ Int+5}
   (You bought it in a shop on level 8 of the Dungeon)

   It affects your intelligence (+5).
   It protects you from negative energy.
   It may corrode your equipment when you take damage.
 K - the +3 buckler of Altruism (worn) {rF+ MR+ Regen+}
   (You found it on level 5 of the Depths)

   It protects you from fire.
   It affects your resistance to hostile enchantments.
   It increases your rate of regeneration.
 L - a +2 cloak of magic resistance (worn)
 Z - a +1 pair of boots of flying (worn)
Magical Staves
 Y - an uncursed staff of death
Jewellery
 d - an uncursed ring of sustain attributes
 i - the amulet of Kolliso {rMut rPois Slay+6}
   (You found it on level 12 of a ziggurat)

   [amulet of resist mutation]

   It protects you from mutation.
   It affects your accuracy and damage with ranged weapons and melee attacks
   (+6).
   It protects you from poison.
 j - the amulet "Zinah" {Clar Int+6 Stlth-}
   (You bought it in a shop on level 2 of the Elven Halls)

   [amulet of clarity]

   It provides mental clarity.
   It affects your intelligence (+6).
   It makes you less stealthy.
 m - the ring of Free Will {rF++ Int+4 Dex-3 Stlth+}
   (You found it on level 16 of a ziggurat)

   [ring of stealth]

   It affects your intelligence (+4).
   It affects your dexterity (-3).
   It greatly protects you from fire.
   It makes you more stealthy.
 O - the ring of Yvaesiuff {rPois rF+ MP+9 Int-3 Dex+12}
   (You found it on level 7 of a ziggurat)

   [ring of protection from fire]

   It affects your intelligence (-3).
   It affects your dexterity (+12).
   It protects you from fire.
   It protects you from poison.
   It affects your magic capacity (+9).
 R - the ring of Rovappegg (right hand) {+Fly rPois Int+7 Slay-2}
   (You found it on level 3 of the Depths)

   [ring of poison resistance]

   It affects your intelligence (+7).
   It affects your accuracy and damage with ranged weapons and melee attacks
   (-2).
   It protects you from poison.
   It lets you fly.
 T - an uncursed amulet of resist corrosion
 V - the amulet of Kalyrail (around neck) {rMut +Fly rF+ MR- Int+9}
   (You found it on level 15 of a ziggurat)

   [amulet of resist mutation]

   It protects you from mutation.
   It affects your intelligence (+9).
   It protects you from fire.
   It affects your resistance to hostile enchantments.
   It lets you fly.
 X - the ring of the Firefly (left hand) {rPois rC+ MP+9 Int+5}
   (You found it in Pandemonium)

   [ring of magical power]

   It affects your intelligence (+5).
   It protects you from cold.
   It protects you from poison.
   It affects your magic capacity (+9).
Wands
 u - a wand of hasting (5)
 F - a wand of disintegration (15)
 S - a wand of teleportation (7)
Scrolls
 e - 8 scrolls of recharging
 n - 21 scrolls of fog
 p - 4 scrolls of silence
 r - a scroll of identify
 s - 50 scrolls of remove curse
 B - 9 scrolls of fear
 J - 9 scrolls of vulnerability
 M - 23 scrolls of teleportation
 U - 14 scrolls of blinking
Potions
 f - 2 potions of magic
 g - 17 potions of curing
 h - 16 potions of might
 k - 3 potions of cancellation
 o - 8 potions of berserk rage
 t - 2 potions of resistance
 v - 10 potions of heal wounds
 w - 6 potions of cure mutation
 C - 7 potions of agility
 D - a potion of haste
 W - 6 potions of brilliance
Books
 a - a manual of Stealth
 q - a book of Annihilations

   Spells                             Type                      Level
   a - Poison Arrow                   Conjuration/Poison           6
   b - Chain Lightning                Conjuration/Air              8
   c - Lehudib's Crystal Spear        Conjuration/Earth            8
   d - Glaciate                       Conjuration/Ice              9
   e - Fire Storm                     Conjuration/Fire             9
 E - a manual of Shields
 I - an Akashic Record

   Spells                             Type                      Level
   a - Dispersal                      Translocation                6
   b - Malign Gateway                 Summoning/Translocation      7
   c - Disjunction                    Translocation                8
   d - Controlled Blink               Translocation                8
Miscellaneous
 G - a fan of gales
Comestibles
 b - 6 slices of pizza
 c - 39 bread rations
 l - a meat ration
 N - 3 royal jellies


   Skills:
 - Level 21.2 Fighting
 - Level 11.0 Maces & Flails
 - Level 21.6 Armour
 - Level 15.0 Dodging
 - Level 1.7 Stealth
 - Level 6.7 Shields
 O Level 27 Spellcasting
 - Level 23.0 Conjurations
 - Level 4.0 Charms
 O Level 27 Necromancy
 - Level 19.1 Translocations
 - Level 12.0 Transmutations
 * Level 20.5 Ice Magic
 - Level 25.0 Air Magic
 - Level 13.0 Earth Magic
 - Level 3.1 Evocations


You couldn't memorise any spells.
You knew the following spells:

 Your Spells              Type           Power        Failure   Level  Hunger
a - Lehudib's Crystal Sp  Conj/Erth      ########..   1%          8    None
b - Controlled Blink      Tloc           N/A          1%          8    None
c - Simulacrum            Ice/Necr       #########.   0%          6    None
d - Regeneration          Chrm/Necr      ########..   0%          3    None
e - Glaciate              Conj/Ice       ########..   3%          9    None
f - Necromutation         Trmt/Necr      ########..   1%          8    None
g - Bolt of Cold          Conj/Ice       ########..   0%          6    None
i - Sublimation of Blood  Necr           #########.   0%          2    None
j - Tornado               Air            #########.   1%          9    None
k - Blink                 Tloc           N/A          0%          2    None
m - Phase Shift           Tloc           ########..   0%          5    None
n - Dispersal             Tloc           ########..   0%          6    None
t - Borgnjor's Revivific  Necr           #########.   1%          8    None


Dungeon Overview and Level Annotations

Branches:
Dungeon (15/15)            Temple (1/1) D:7            Lair (8/8) D:8
  Swamp (4/4) Lair:5       Spider (4/4) Lair:6        Slime (6/6) Lair:6
    Orc (4/4) D:10            Elf (3/3) Orc:3        Vaults (5/5) D:13
  Crypt (3/3) Vaults:2       Tomb (0/3) Crypt:3      Depths (5/5) D:15
   Hell (1/1)                 Dis (7/7) Hell            Geh (7/7) Hell
    Coc (7/7) Hell            Tar (7/7) Hell            Zot (5/5) Depths:5

Altars:
Ashenzari
Cheibriados
Dithmenos
Elyvilon
Fedhas
Gozag
Kikubaaqudgha
Makhleb
Nemelex Xobeh
Okawaru
Qazlal
Ru
Sif Muna
Trog
Xom
Yredelemnul
Zin
The Shining One
Beogh
Jiyva

Shops:
D:4 [   D:7 }   D:8 ![*   Orc:2 =   Orc:4 ((}[?   Elf:2 =   Vaults:1 [
Depths:2 [   Depths:5 %

Portals:
Hell: Depths:1 Depths:2 Depths:3 Depths:4 Depths:5
Abyss: Depths:1 Depths:3 Depths:4
Pandemonium: Depths:2 Depths:3

Annotations:
Tar:7 Ereshkigal


Innate Abilities, Weirdness & Mutations

You have a pair of large antennae on your head (SInv).
You are surrounded by a strong repulsion field (EV +4, rMsl).
Your flesh is cold resistant.
A meltable icy envelope protects you from harm (AC +10).
You are powered by pain.
You are extremely robust (+30% HP).
You are immune to freezing clouds.
You have supernaturally acute eyesight.


Message History

* * * LOW HITPOINT WARNING * * *
The pearl dragon sears you!
* * * LOW HITPOINT WARNING * * *
You momentarily phase out as the apis's attack passes through you. 3 cherubim and an ophan come into view.
Unknown command.
Unknown command.
Casting: Tornado
Confirm with . or Enter, or press ? or * to list all spells.
You blink.
The winds around you start to calm down.
The angel gestures.
The angel is healed somewhat.
The daeva calls down the wrath of the Shining One upon you.
Something smites you!
* * * LOW HITPOINT WARNING * * *
The pearl dragon bites you!
* * * LOW HITPOINT WARNING * * *
The pearl dragon sears you!!
You die...

▓▓...................
▓▓..................DA
▓....§.§8§§§§§§§§§§A8.
▓▓....§§§§.§.§A§.§§§§A.
▓.....§§§§§§§§AG§D§§§.A
▓.....§§§§§YG§AY§A§YAAG
▓▓.....§§§§§§A§§A§§§§§.A
▓..∩...§§§§§@DDY§§§§§Y..
▓▓.....§§§§§§§§D§.§§§§..
▓.....§§§.§§§A.§.§§§...
▓.....§§§§§§.§§§§§§§§..
▓▓....§§§§§.§§§.§§§§§..
▓....§§§8§§§§§§.§§§§8.
▓▓....................
▓▓...................


You could see 3 apis, 3 daevas, 4 pearl dragons, 3 angels, 2 ophanim and a
cherub (roused).

Vanquished Creatures
  Cerebov (Pan)
  Antaeus (Coc:7)
  Asmodeus (Geh:7)
  the royal jelly (Slime:6)
  Gloorx Vloq (Pan)
  the Serpent of Hell (Coc:7)
  Mnoleg (Pan)
  Lom Lobon (Pan)
  Dispater (Dis:7)
  9 ancient liches
  10 orbs of fire (Zot:5)
  Mara (Vaults:2)
  Mennas (Pan)
  2 juggernauts
  Sojobo (Depths:2)
  6 shard shrikes
  Frederick (Depths:4)
  the Lernaean hydra (Swamp:4)
  Margery (Depths:4)
  3 curse toes
  4 caustic shrikes
  13 Killer Klowns
  A caustic shrike (shapeshifter) (Zig:15)
  Geryon (Hell)
  A golden dragon (shapeshifter) (Zig:15)
  Nikola (Depths:1)
  13 golden dragons
  the Enchantress (Depths:4)
  26 pandemonium lords
  3 profane servitors
  A pearl dragon (Zig:17)
  5 bone dragons
  25 Brimstone Fiends
  12 liches
  3 electric golems (Zot:5)
  Jorgrun (Depths:2)
  25 tentacled monstrosities
  15 Hell Sentinels
  14 Ice Fiends
  Asterion (Depths:2)
  25 Orb Guardians (Zot:5)
  A quicksilver dragon (shapeshifter) (Zig:14)
  6 deep elf blademasters
  9 titans
  5 deep elf master archers
  Murray (Hell)
  11 death cobs
  45 Shadow Fiends
  The ghost of timbw the Wrestler, an adept MiFi of Makhleb (Slime:6)
  34 Executioners
  An eldritch tentacle (Pan)
  25 acid blobs
  8 tentacled starspawn
  Gastronok (Lair:1)
  3 quicksilver dragons
  An octopode crusher (Zig:11)
  3 ancient champions
  7 sphinxes
  Frances (D:13)
  Kirke (Lair:6)
  11 shadow dragons
  5 tengu reavers
  4 greater nagas
  13 storm dragons
  3 azure jellies (shapeshifter)
  10 draconian monks
  The ghost of Frontstab the Imperceptible, an adept OpBe of Trog (Elf:1)
  3 thorn hunters
  A shadow dragon (shapeshifter) (Zig:12)
  13 azure jellies
  8 revenants
  15 vault wardens
  10 fire giants
  Wiglaf (Vaults:5)
  18 frost giants
  4 draconian knights
  Maud (Lair:6)
  12 deep elf sorcerers
  14 chaos champions
  10 iron dragons
  9 emperor scorpions
  Louise (Depths:1)
  An orc warlord (Orc:3)
  11 ghost moths
  5 curse skulls
  8 draconian scorchers
  8 draconian shifters
  7 ghouls
  42 cacodemons
  5 war gargoyles
  7 draconian zealots
  4 spriggan defenders (Depths:4)
  14 draconian annihilators
  15 warmongers (Pan)
  45 balrugs
  20 very ugly things
  An angel (Pan)
  16 ironheart preservers
  A caustic shrike skeleton (Zig:12)
  31 stone giants
  2 juggernaut skeletons
  2 elemental wellsprings (Coc:7)
  6 draconian callers
  14 green draconians
  A stone giant (shapeshifter) (Zig:15)
  56 reapers
  8 vampire knights
  31 deep elf demonologists
  28 lorocyprocas
  10 blood saints (Pan)
  5 salamander stormcallers
  12 black draconians
  Azrael (D:12)
  13 corrupters (Pan)
  24 deep elf annihilators
  17 purple draconians
  16 white draconians
  12 mottled draconians
  A dire elephant (shapeshifter) (Zig:14)
  99 large abominations
  5 salamander firebrands
  10 yellow draconians
  15 red draconians
  49 blizzard demons
  12 ettins
  22 black suns (Pan)
  10 death oozes
  11 deep elf death magi
  8 eidola
  Snorg (D:13)
  26 green deaths
  4 crystal guardians (Depths:1)
  A minotaur (Depths:3)
  A mummy priest (Zig:2)
  15 fire dragons
  3 merfolk impalers
  18 jiangshi
  21 yaktaur captains
  A spectral quicksilver dragon (Crypt:3)
  Josephine (D:13)
  2 quicksilver dragon zombies
  4 entropy weavers
  36 vault guards
  7 great orbs of eyes
  Erolcha (Orc:3)
  12 deep elf high priests
  28 hydras
  8 rakshasas
  Harold (Lair:1)
  A hydra (shapeshifter) (Depths:2)
  An anaconda (Zig:7)
  2 quicksilver dragon skeletons
  5 hell beasts (Pan)
  17 monstrous demonspawn (Pan)
  37 ice dragons
  4 spriggan air magi
  11 ogre magi
  2 ghost crabs
  2 merfolk aquamancers (Zig:11)
  A merfolk avatar (Zig:11)
  7 death knights
  8 alligators
  10 deep troll shamans
  The ghost of Zero the Basher, a journeyman GrBe of Trog (D:10)
  16 dancing weapons (Elf:2)
  5 deep troll earth magi
  4 titan zombies
  4 tengu warriors
  3 death yaks (Depths:3)
  11 vampire magi
  8 centaur warriors
  6 shock serpents
  36 hell knights
  12 hell hogs
  5 thrashing horrors
  4 spriggan berserkers
  7 iron golems
  27 iron trolls
  6 holy swine (Pan)
  Sonja (D:13)
  Nergalle (Orc:3)
  34 deep elf knights
  4 fire crabs
  5 orc high priests
  3 titan skeletons
  An iron troll (shapeshifter) (Zig:15)
  88 soul eaters
  3 wretched stars
  105 sun demons
  A shock serpent (shapeshifter) (Vaults:5)
  A giant orange brain (shapeshifter) (Vaults:1)
  43 shadow wraiths
  24 deep trolls
  10 wizards
  2 golden dragon zombies
  3 storm dragon zombies
  17 swamp dragons
  2 spatial maelstroms
  86 ice devils
  63 skeletal warriors
  11 giant orange brains
  9 anaconda zombies
  A ball lightning (Pan)
  2 sea snakes (Zig:11)
  2 cherubim
  2 storm dragon skeletons
  37 shadow demons
  10 death drakes
  19 infernal demonspawn (Pan)
  2 mana vipers
  2 spriggan druids
  24 necromancers
  3 unseen horrors (shapeshifter)
  A naga ritualist (Zig:5)
  A hill giant (shapeshifter) (Zig:15)
  A sea snake (shapeshifter) (Zig:14)
  15 flayed ghosts
  8 unseen horrors
  3 tengu zombies
  28 gelid demonspawn (Pan)
  25 deep elf conjurers
  2 orange crystal statues
  5 shambling mangroves
  21 putrid demonspawn (Pan)
  3 harpies (Zig:11)
  22 torturous demonspawn (Pan)
  An anubis guard (Zig:2)
  3 shadow dragon zombies
  5 golden dragon skeletons
  3 anubis guards (shapeshifter)
  8 hill giants
  10 deep elf summoners
  16 ironbrand convokers
  6 anaconda skeletons
  6 griffons
  17 phantasmal warriors
  5 lindwurms (Depths:5)
  A sphinx zombie (Zig:12)
  An orb spider (shapeshifter) (Elf:2)
  3 wolf spider zombies
  2 hornets (shapeshifter)
  2 oklob plants (Zig:5)
  An iron dragon zombie (Coc:7)
  7 orc sorcerers
  3 manticores
  14 hornets
  13 orb spiders
  19 orc knights
  5 frost giant zombies
  A shining eye (shapeshifter) (Depths:4)
  22 wolf spiders
  A shadow dragon skeleton (Tar:7)
  19 moths of wrath
  7 cyclopes
  3 worldbinders
  2 manticores (shapeshifter)
  13 shining eyes
  5 stone giant zombies
  4 fire giant zombies
  4 elephants
  12 salamanders
  A spectral fire dragon (Crypt:3)
  2 dire elephant zombies
  A naga mage (Zig:7)
  78 ugly things
  3 octopodes (shapeshifter)
  A faun (shapeshifter) (D:15)
  12 apocalypse crabs
  2 iron dragon skeletons
  A siren (Zig:11)
  4 centaur zombies
  36 sixfirhies
  75 smoke demons
  13 black mambas
  A spriggan zombie (Zig:12)
  13 vault sentinels
  4 guardian serpents
  24 rust devils
  5 molten gargoyles
  4 eyes of devastation
  3 gargoyles
  5 ice statues
  4 stone giant skeletons
  32 spiny frogs
  57 orange demons
  3 centaur skeletons
  2 yaktaur zombies
  4 frost giant skeletons
  2 torpor snails (shapeshifter)
  4 fire giant skeletons
  43 hellions
  A catoblepas zombie (Tar:5)
  4 torpor snails
  A spiny frog (shapeshifter) (Zig:16)
  An emperor scorpion zombie (Tar:7)
  A golden dragon simulacrum (Tar:7)
  4 kobold demonologists
  31 demonic crawlers
  3 komodo dragons (shapeshifter)
  An iron troll zombie (Crypt:2)
  2 ancient zymes (Abyss:4)
  56 yaktaurs
  A silent spectre (Tar:7)
  40 tormentors
  12 efreet
  34 freezing wraiths
  2 catoblepas skeletons
  6 anaconda simulacra (IceCv)
  5 wind drakes
  3 merfolk (Zig:11)
  22 deep elf priests
  A pale draconian skeleton (Crypt:2)
  14 komodo dragons
  5 hydra zombies
  37 hellwings
  A guardian mummy (Zig:2)
  A polar bear (shapeshifter) (Vaults:3)
  16 small abominations
  A wolf spider simulacrum (IceCv)
  2 trolls
  2 merfolk (shapeshifter)
  A spriggan skeleton (Zig:8)
  32 blue devils
  A jumping spider (shapeshifter) (Depths:4)
  56 red devils
  3 tengu conjurers
  5 fire drakes
  20 jumping spiders
  3 polar bears
  4 ettin zombies
  An iron dragon simulacrum (Crypt:3)
  15 two-headed ogres
  A wind drake (shapeshifter) (Abyss:3)
  5 giant leeches
  4 harpy skeletons
  A hydra skeleton (Coc:3)
  A harpy zombie (Dis:7)
  A snapping turtle (shapeshifter) (Depths:4)
  2 blink frogs (shapeshifter)
  14 bog bodies
  4 raiju
  12 boulder beetles
  5 air elementals
  39 blink frogs
  3 fire dragon zombies
  16 trapdoor spiders
  A stone giant simulacrum (Vaults:2)
  128 slime creatures
  32 wraiths
  29 redbacks
  2 trapdoor spiders (shapeshifter)
  5 ice dragon zombies
  20 spriggans
  A black mamba zombie (Coc:6)
  A griffon skeleton (Crypt:1)
  3 alligator zombies (Hell)
  A snapping turtle (Zig:11)
  2 yaks (shapeshifter)
  An elf skeleton (Zig:12)
  2 tarantellas (shapeshifter)
  2 alligator skeletons
  51 deep elf magi
  5 fire dragon skeletons
  6 ice dragon skeletons
  A redback (shapeshifter) (Elf:3)
  A spriggan (shapeshifter) (Vaults:1)
  52 ynoxinuls
  7 ettin skeletons
  115 flying skulls
  15 water elementals
  7 wyverns
  52 deep elf fighters
  4 basilisks
  17 tarantellas
  A dire elephant simulacrum (IceCv)
  19 fire elementals
  19 humans
  3 black mamba skeletons
  3 fire bats (Orc:3)
  3 golden eyes (shapeshifter)
  2 humans (shapeshifter)
  70 yaks
  3 elf zombies
  28 shadows
  4 vampires
  A wind drake skeleton (Crypt:2)
  A yaktaur simulacrum (Vaults:2)
  3 steam dragons
  A harpy simulacrum (IceCv)
  6 hungry ghosts
  A naga (Zig:5)
  15 hippogriffs
  22 wolves
  15 golden eyes
  2 iron troll simulacra (IceCv)
  Menkaure (D:5)
  A death yak simulacrum (IceCv)
  A human simulacrum (Vaults:3)
  11 wargs
  25 water moccasins
  41 vampire mosquitoes
  25 chaos spawn
  11 insubstantial wisps
  68 neqoxecs
  28 swamp worms
  7 mottled dragons
  6 hydra simulacra
  15 ice beasts
  52 hell hounds
  12 porcupines
  40 spiders
  A spider (shapeshifter) (Vaults:5)
  3 black bears
  21 swamp drakes
  An alligator simulacrum (IceCv)
  19 eyes of draining
  5 spiny frog zombies
  An eye of draining (shapeshifter) (Depths:4)
  3 ettin simulacra
  2 phantoms
  28 wasps
  A spiny frog skeleton (Coc:3)
  13 centaurs
  A snapping turtle zombie (Coc:7)
  16 boggarts
  5 snapping turtle skeletons
  2 swamp dragon zombies
  A manticore zombie (Geh:2)
  7 sky beasts
  21 necrophages
  45 orc warriors
  48 ogres
  A centaur (shapeshifter) (Vaults:5)
  A swamp dragon skeleton (Coc:7)
  5 brain worms
  22 crocodiles
  Blork the orc (D:4)
  30 giant frogs
  A spiny frog simulacrum (Hell)
  16 big kobolds
  A gnoll sergeant (D:10)
  An earth elemental (Abyss:2)
  A vine stalker skeleton (Crypt:1)
  A water moccasin zombie (Crypt:2)
  6 scorpions
  A wyvern skeleton (D:12)
  4 killer bees (D:14)
  A water moccasin skeleton (D:11)
  A polar bear skeleton (Crypt:2)
  27 wights
  A hippogriff skeleton (Crypt:2)
  12 crimson imps
  3 electric eels
  A wasp zombie (Crypt:1)
  21 starcursed masses
  2 giant frog skeletons
  7 hounds
  43 orc priests
  4 draconian simulacra (IceCv)
  43 jellies
  2 quasits
  A black bear skeleton (Crypt:1)
  4 hell rats (Lair:7)
  24 iron imps
  3 human zombies
  4 troll simulacra (IceCv)
  3 human skeletons
  30 orc wizards
  A polar bear simulacrum (IceCv)
  Terence (D:2)
  Natasha (thrice) (D:2)
  15 iguanas
  A lightning spire (Zig:5)
  19 worker ants
  A wolf simulacrum (IceCv)
  A naga zombie (Dis:7)
  26 sheep
  A dwarf zombie (Crypt:2)
  An ogre skeleton (Pan)
  2 centaur simulacra (IceCv)
  3 spriggan simulacra (IceCv)
  2 tengu skeletons
  3 hound zombies
  3 mummies
  2 worker ant zombies
  Robin (D:4)
  19 adders
  20 gnolls
  69 river rats
  A swamp drake zombie (Crypt:2)
  A steam dragon skeleton (Crypt:1)
  2 naga simulacra (IceCv)
  3 ogre simulacra (IceCv)
  A steam dragon zombie (Crypt:2)
  21 shadow imps
  31 white imps
  A giant eyeball (Pan)
  8 ufetubi
  2 oozes (Lair:6)
  An adder zombie (D:6)
  8 worms
  A giant gecko (D:3)
  235 orcs
  6 ball pythons
  7 bats
  14 goblins
  15 hobgoblins
  4 jackals (D:6)
  23 kobolds
  5 quokkas
  A ball python skeleton (D:5)
  3 giant cockroaches
  A giant gecko skeleton (D:5)
  10 giant newts
  A jackal skeleton (D:4)
  A kobold skeleton (Coc:3)
  An orc zombie (Tar:4)
  2 quokka skeletons
  9 rats
  12 blocks of ice
  A butterfly (Lair:1)
  9 crawling corpses
  12 fire vortices
  6 lost souls
  A lurking horror (Abyss:4)
  A plant (Depths:5)
  5 starspawn tentacles
6122 creatures vanquished.

Vanquished Creatures (collateral kills)
  2 golden dragons
  3 Hell Sentinels
  3 tentacled monstrosities
  A quicksilver dragon (Dis:1)
  A death cob (Zot:3)
  A sphinx (Depths:2)
  An octopode crusher (Zig:10)
  A tengu reaver (Depths:2)
  A draconian monk (Zot:3)
  2 frost giants
  4 fire giants
  A vault warden (Vaults:5)
  2 draconian knights (Zig:17)
  An iron dragon (Dis:7)
  A draconian scorcher (Zig:17)
  A stone giant (Depths:4)
  3 very ugly things
  5 reapers
  A draconian annihilator (Zig:17)
  A war gargoyle (Zig:10)
  An ironheart preserver (Vaults:5)
  A spriggan defender (Depths:2)
  A black draconian (Zot:3)
  A red draconian (Zot:5)
  An ettin (Depths:3)
  A merfolk javelineer (Zig:11)
  2 green deaths
  A minotaur (Depths:3)
  A yaktaur captain (Zig:18)
  A vault guard (Vaults:4)
  A fire dragon (Depths:2)
  An entropy weaver (Zig:10)
  3 hydras
  A rakshasa (Depths:2)
  A hell beast (Pan)
  A death yak (Depths:3)
  A hell hog (Dis:1)
  A tengu warrior (Depths:2)
  A deep troll earth mage (Depths:5)
  2 spriggan berserkers (Depths:4)
  An iron golem (Hell)
  A hell knight (Depths:4)
  An iron troll (shapeshifter) (Zig:14)
  3 iron trolls
  A deep troll (Depths:3)
  A sea snake (Zig:11)
  A gelid demonspawn (Pan)
  3 harpies (Zig:11)
  A shadow dragon zombie (Dis:7)
  A mana viper (shapeshifter) (Depths:4)
  2 necromancers (Zot:3)
  An iron dragon zombie (Dis:7)
  4 oklob plants (Zig:5)
  2 rust devils
  5 ugly things
  2 manticores (Zig:11)
  A salamander (shapeshifter) (Depths:2)
  A water nymph (Zig:11)
  2 hornets (Zig:13)
  A frost giant zombie (Dis:7)
  An orange demon (Pan)
  A gargoyle (Zig:10)
  An apocalypse crab (Zig:14)
  2 emperor scorpion zombies (Dis:7)
  3 yaktaurs
  2 tormentors
  4 merfolk (Zig:11)
  3 giant leeches (Zig:13)
  A harpy zombie (Dis:1)
  A wind drake (Depths:5)
  2 slime creatures (Zig:13)
  3 bog bodies (Zig:13)
  2 large abominations (Pan)
  A vampire (Geh:7)
  4 water elementals
  2 yaks (Depths:3)
  A deep elf fighter (Elf:2)
  3 spriggans
  A human zombie (Hell)
  2 hell hounds (Dis:7)
  2 swamp drakes
  3 wasps
  2 ogres (Zig:6)
  A crocodile (Lair:6)
  A big kobold (D:8)
  3 iron imps
  A mummy (Dis:7)
  3 gnolls (Depths:3)
  A white imp (Pan)
  A worm (D:5)
  4 orcs (Zig:6)
  A kobold (D:8)
  A kobold skeleton (Geh:7)
  A quokka zombie (D:5)
  5 plants
165 creatures vanquished.

Vanquished Creatures (others)
  A titan (Zig:18)
  A Shadow Fiend (Tar:7)
  2 eldritch tentacles (Pan)
  A draconian monk (Zig:17)
  A draconian scorcher (Zig:17)
  A stone giant (Depths:4)
  A spriggan defender (Depths:4)
  An elemental wellspring (Coc:7)
  An ice dragon (Coc:7)
  4 ball lightnings (Pan)
  A shadow demon (Tar:7)
  An anaconda zombie (Dis:7)
  A gelid demonspawn (Pan)
  3 necromancers
  A moth of wrath (Zot:5)
  A centaur zombie (D:13)
  A salamander (Geh:2)
  A red devil (Pan)
  A hell hound (Geh:2)
  A spiny frog zombie (Geh:7)
  A wasp (Swamp:3)
  An orc warrior (Orc:4)
  A gnoll (Depths:3)
  An orc (Elf:1)
  3 blocks of ice
  5 briar patches (Swamp:4)
  215 eldritch tentacle segments (Pan)
  44 fungi
  5 lost souls
  A lurking horror (Abyss:3)
  22 plants
  7 starspawn tentacles
  173 starspawn tentacle segments
505 creatures vanquished.

Grand Total: 6792 creatures vanquished

Notes
Turn   | Place    | Note
--------------------------------------------------------------
     0 | D:1      | Enish the Demonspawn Necromancer began the quest for the Orb.
     0 | D:1      | Reached XP level 1. HP: 13/13 MP: 3/3
   349 | D:1      | Gained mutation: You sometimes gain a little power by taking damage. [demonic ancestry]
   349 | D:1      | Reached XP level 2. HP: 14/19 MP: 0/5
   426 | D:1      | Reached skill level 5 in Necromancy
   461 | D:1      | Learned a level 1 spell: Animate Skeleton
  1019 | D:2      | Noticed Natasha
  1034 | D:1      | Gained mutation: Your flesh is cold resistant. [demonic ancestry]
  1034 | D:1      | Reached XP level 3. HP: 6/25 MP: 1/6
  1186 | D:1      | Learned a level 3 spell: Vampiric Draining
  1237 | D:2      | Reached skill level 1 in Fighting
  1956 | D:2      | Noticed Terence
  2015 | D:2      | Gained mutation: You are surrounded by a mild repulsion field (EV +2). [demonic ancestry]
  2015 | D:2      | Reached XP level 4. HP: 30/32 MP: 4/7
  2131 | D:2      | Killed Terence
  2321 | D:2      | Killed Natasha
  2321 | D:2      | Reached skill level 6 in Necromancy
  2346 | D:2      | Noticed Natasha
  2352 | D:2      | Killed Natasha
  2519 | D:2      | Your ally Natasha died
  2550 | D:2      | Your ally Natasha died
  2565 | D:2      | Noticed Natasha
  2566 | D:2      | Killed Natasha
  2953 | D:3      | Gained mutation: You have a pair of small antennae on your head. [demonic ancestry]
  2953 | D:3      | Reached XP level 5. HP: 37/39 MP: 5/8
  3082 | D:3      | Reached skill level 1 in Maces & Flails
  3470 | D:3      | Found a shimmering altar of Xom.
  3579 | D:4      | Learned a level 3 spell: Regeneration
  3740 | D:4      | Noticed Blork the orc
  3742 | D:4      | Gained mutation: Your flesh is heat resistant. [potion of mutation]
  3742 | D:4      | Gained mutation: You have supernaturally acute eyesight. [potion of mutation]
  3742 | D:4      | Lost mutation: Your flesh is heat resistant. [potion of mutation]
  3751 | D:4      | Killed Blork the orc
  3751 | D:4      | Reached skill level 7 in Necromancy
  3751 | D:4      | Gained mutation: You are surrounded by a moderate repulsion field (EV +3). [demonic ancestry]
  3751 | D:4      | Reached XP level 6. HP: 41/47 MP: 2/9
  3972 | D:4      | Your ally Blork died
  4260 | D:4      | Found a sand-covered staircase.
  4401 | D:4      | Noticed Robin
  4418 | D:4      | Killed Robin
  4594 | D:4      | Reached XP level 7. HP: 46/52 MP: 4/12
  4661 | D:4      | Noticed a moth of wrath
  4700 | D:4      | Found a bloodstained altar of Trog.
  4818 | D:4      | Found Kevu's Antique Armour Emporium.
  4959 | D:5      | Entered Level 5 of the Dungeon
  5194 | D:5      | Noticed Menkaure
  5195 | D:5      | Found an iron altar of Okawaru.
  5304 | D:4      | Bought a pair of ichor-stained gloves for 218 gold pieces
  5309 | D:4      | Identified the +0 pair of gloves "Xesiler" {rF+ Dex+2} (You bought it in a shop on level 4 of the Dungeon)
  5374 | D:5      | Found a shimmering altar of Xom.
  5839 | D:6      | You fall through a shaft for 2 floors!
  5965 | D:8      | Found Ruuf Hau's Armour Emporium.
  5968 | D:8      | Found Hiopauc's Distillery.
  6000 | D:8      | Reached skill level 5 in Maces & Flails
  6000 | D:8      | Gained mutation: You are immune to freezing clouds. [demonic ancestry]
  6000 | D:8      | Reached XP level 8. HP: 35/58 MP: 6/14
  6256 | D:7      | Reached skill level 5 in Spellcasting
  6638 | D:7      | Learned a level 5 spell: Dispel Undead
  6683 | D:6      | Reached skill level 8 in Necromancy
  6772 | D:6      | Got a brightly glowing robe
  6773 | D:6      | Identified the +1 robe of the Gloaming {Int+3} (You found it on level 6 of the Dungeon)
  6854 | D:6      | Reached skill level 9 in Necromancy
  7475 | D:5      | Killed Menkaure
  7755 | D:5      | Reached XP level 9. HP: 29/63 MP: 10/18
  8541 | D:6      | Learned a level 5 spell: Agony
  8992 | D:6      | Reached skill level 10 in Necromancy
  9219 | D:7      | Found a staircase to the Ecumenical Temple.
  9227 | Temple   | Entered the Ecumenical Temple
  9276 | Temple   | Became a worshipper of Makhleb the Destroyer
  9459 | D:7      | Found a glowing silver altar of Zin.
  9677 | D:7      | Reached skill level 11 in Necromancy
  9867 | D:7      | Found Huiqiq's Gadget Shop.
 10420 | D:8      | Reached * piety under Makhleb
 10616 | D:8      | Reached XP level 10. HP: 52/70 MP: 12/20
 10870 | D:8      | Reached skill level 12 in Necromancy
 10939 | D:8      | Noticed a human
 10948 | D:8      | Killed a human
 11019 | D:8      | Found a staircase to the Lair.
 11056 | D:8      | Found Coropteudgh's Assorted Antiques.
 11196 | D:8      | Bought a golden ring for 140 gold pieces
 11355 | D:8      | Noticed a yak
 11356 | D:8      | Noticed a yak
 11356 | D:8      | Noticed a yak
 11374 | D:8      | Killed a yak
 11402 | D:8      | Learned a level 5 spell: Bolt of Draining
 11446 | D:8      | Noticed a yak
 11452 | D:8      | Noticed a yak
 11471 | D:8      | Killed a yak
 11475 | D:8      | Noticed a yak
 11488 | D:8      | Killed a yak
 11489 | D:8      | Killed a yak
 11496 | D:8      | Killed a yak
 11497 | D:8      | Killed a yak
 11611 | D:8      | Reached ** piety under Makhleb
 11724 | D:8      | Found a shattered altar of Ashenzari.
 11780 | D:8      | Saw a vision of the Swamp and the Spider Nest.
 11780 | D:8      | Noticed a redback
 11780 | D:8      | Noticed a redback
 11782 | D:8      | Noticed a trapdoor spider
 11791 | D:8      | Noticed a trapdoor spider
 11971 | D:9      | Found a shadowy altar of Dithmenos.
 12707 | D:9      | Found a sacrificial altar of Ru.
 12707 | D:9      | Found a snail-covered altar of Cheibriados.
 12707 | D:9      | Found an ancient bone altar of Kikubaaqudgha.
 12833 | D:10     | Entered Level 10 of the Dungeon
 12844 | D:10     | Reached skill level 13 in Necromancy
 12964 | D:10     | Reached skill level 1 in Conjurations
 13390 | D:9      | Reached *** piety under Makhleb
 13762 | D:10     | Noticed Zero's ghost (journeyman GrBe)
 13774 | D:10     | Killed Zero's ghost
 13774 | D:10     | Gained mutation: You have a pair of antennae on your head. [demonic ancestry]
 13774 | D:10     | Reached XP level 11. HP: 75/75 MP: 8/23
 14250 | D:10     | Found a roughly hewn altar of Beogh.
 14250 | D:10     | Found a staircase to the Orcish Mines.
 14467 | D:10     | Reached **** piety under Makhleb
 14621 | D:10     | Noticed an unseen horror
 14623 | D:10     | Killed an unseen horror
 15579 | D:11     | Noticed a hill giant
 15584 | D:11     | Killed a hill giant
 15584 | D:11     | Reached skill level 14 in Necromancy
 17032 | D:10     | Reached skill level 15 in Necromancy
 17130 | Lair:1   | Entered Level 1 of the Lair of Beasts
 17130 | Lair:1   | Noticed Gastronok
 17254 | Lair:1   | Killed Gastronok
 17388 | Lair:1   | Reached ***** piety under Makhleb
 17851 | Lair:1   | Gained mutation: You are robust (+10% HP). [demonic ancestry]
 17851 | Lair:1   | Reached XP level 12. HP: 75/89 MP: 8/24
 18490 | Lair:1   | Noticed an eight-headed hydra
 18497 | Lair:1   | Killed an eight-headed hydra
 19107 | Lair:1   | Identified the Grimoire of Space
 19164 | Lair:1   | Noticed Harold
 19168 | Lair:1   | Killed Harold
 19414 | Lair:1   | Learned a level 5 spell: Excruciating Wounds
 20532 | Lair:2   | Reached skill level 5 in Dodging
 21001 | Lair:2   | Reached skill level 10 in Spellcasting
 21679 | Lair:2   | Noticed a four-headed hydra
 21682 | Lair:2   | Killed a four-headed hydra
 22222 | Lair:3   | Reached ****** piety under Makhleb
 22222 | Lair:3   | Reached skill level 10 in Maces & Flails
 22222 | Lair:3   | Gained mutation: You are surrounded by a strong repulsion field (EV +4, rMsl). [demonic ancestry]
 22222 | Lair:3   | Reached XP level 13. HP: 94/94 MP: 8/27
 22312 | Lair:3   | Upgraded the game from 0.18-a0-9-gd4dcb6f to 0.18-a0-20-gaede791
 23345 | Lair:3   | Reached skill level 5 in Fighting
 23529 | Lair:3   | Learned a level 2 spell: Sublimation of Blood
 24573 | Lair:4   | Reached skill level 16 in Necromancy
 24805 | Lair:4   | Got an ancient leather armour
 24806 | Lair:4   | Identified the +2 leather armour "Lios" {rPois Str-4 Int+5 SInv} (You found it on level 4 of the Lair of Beasts)
 26315 | Lair:5   | Found a staircase to the Swamp.
 27251 | Lair:6   | Noticed Maud
 27492 | Lair:6   | Noticed Kirke
 28305 | Lair:7   | Learned a level 1 spell: Apportation
 28821 | Lair:7   | HP: 1/100 [spiny frog (17)]
 29391 | Lair:7   | Reached XP level 14. HP: 105/107 MP: 23/29
 29710 | Lair:8   | Entered Level 8 of the Lair of Beasts
 29917 | Lair:8   | Learned a level 4 spell: Condensation Shield
 30255 | Lair:8   | Reached skill level 1 in Ice Magic
 32052 | Lair:6   | Reached skill level 17 in Necromancy
 32113 | Lair:6   | Found a hole to the Spider Nest.
 32387 | Lair:6   | Found a shattered altar of Ashenzari.
 32431 | Lair:6   | Killed Kirke
 32540 | Lair:6   | Killed Maud
 32593 | Lair:6   | Found a runed door.
 32594 | Lair:6   | Found a viscous altar of Jiyva.
 32595 | Lair:6   | Found a staircase to the Slime Pits.
 33197 | Orc:1    | Entered Level 1 of the Orcish Mines
 33891 | D:8      | Bought the +10 pearl dragon armour of Day {*Corrode rN+ Int+5} for 1389 gold pieces
 34037 | D:12     | Reached skill level 1 in Armour
 34803 | D:12     | Got a heavily runed jade amulet
 34804 | D:12     | Identified the amulet "Duckeco" {Faith rPois Slay+3} (You found it on level 12 of the Dungeon)
 34911 | D:12     | Found a shattered altar of Ashenzari.
 35134 | Orc:2    | Found Saptetag's Jewellery Shoppe.
 35361 | Orc:2    | Found a roughly hewn altar of Beogh.
 35605 | Orc:2    | Reached XP level 15. HP: 80/118 MP: 26/30
 35930 | Orc:3    | Reached skill level 5 in Armour
 35954 | Orc:3    | Found a dark tunnel.
 35963 | Volcano  | Entered a volcano
 36076 | Orc:3    | Reached XP level 16. HP: 126/126 MP: 31/31
 36158 | Orc:3    | Noticed Nergalle
 36163 | Orc:3    | Killed Nergalle
 36460 | Orc:4    | Entered Level 4 of the Orcish Mines
 36460 | Orc:4    | Found a roughly hewn altar of Beogh.
 37066 | Orc:4    | Found Patis's Magic Scroll Shop.
 37083 | Orc:4    | Bought a scroll of teleportation for 30 gold pieces
 37083 | Orc:4    | Bought a scroll of blinking for 75 gold pieces
 37254 | Orc:4    | Paralysed by an orc sorcerer for 2 turns
 37463 | Orc:4    | Found Wownauh's Armour Shop.
 37463 | Orc:4    | Found Sogaobin's Gadget Shop.
 37541 | Orc:4    | Found Legy's Weapon Shoppe.
 37555 | Orc:4    | Found Hukhilaz's Weapon Shoppe.
 37594 | Orc:4    | Bought the +4 dagger "Morg" {pain, MR+ Int+5} for 577 gold pieces
 37906 | Orc:3    | Noticed Erolcha
 37908 | Orc:3    | Killed Erolcha
 37942 | Orc:3    | Found a staircase to the Elven Halls.
 38222 | D:13     | Noticed Azrael
 38236 | D:12     | Killed Azrael
 38500 | D:13     | Noticed Sonja
 38501 | D:13     | Killed Sonja
 38578 | D:13     | Learned a level 2 spell: Swiftness
 38606 | D:13     | Noticed Frances
 38607 | D:13     | Noticed Snorg
 38616 | D:13     | Killed Frances
 38616 | D:13     | Reached skill level 10 in Armour
 38617 | D:13     | Killed Snorg
 38711 | D:13     | Reached skill level 5 in Conjurations
 38789 | D:13     | Noticed Josephine
 38833 | D:13     | Killed Josephine
 39277 | D:13     | Found a gate to the Vaults.
 39433 | D:13     | Found a portal to a secret trove of treasure.
 39565 | D:14     | Found a glowing golden altar of the Shining One.
 40299 | D:15     | Entered Level 15 of the Dungeon
 40788 | D:15     | Reached XP level 17. HP: 129/132 MP: 18/32
 41259 | D:15     | Found a staircase to the Depths.
 41354 | Depths:1 | Entered Level 1 of the Depths
 41397 | Depths:1 | Identified a scroll of acquirement
 41400 | Depths:1 | Got a twisted hat
 41401 | Depths:1 | Identified the +0 hat of Shielding {rElec rN+ Regen+ Dex-5} (You acquired it on level 1 of the Depths)
 41467 | Depths:1 | Noticed Nikola
 41496 | Depths:1 | Noticed Louise
 41501 | Depths:1 | Killed Louise
 41518 | Depths:1 | Killed Nikola
 41559 | Depths:1 | Found a one-way gate to the infinite horrors of the Abyss.
 41597 | Depths:1 | Found a gateway to Hell.
 41640 | Depths:1 | Found a runed door.
 41801 | Depths:2 | Noticed Asterion
 41903 | Depths:2 | Found a one-way gate leading to the halls of Pandemonium.
 42327 | Swamp:1  | Entered Level 1 of the Swamp
 43358 | Spider:1 | Entered Level 1 of the Spider Nest
 43420 | Spider:1 | Got a wavering bone amulet
 43421 | Spider:1 | Identified the amulet "Honnumm" {*Confuse rPois Regen+ Int+6 Slay-6} (You found it on level 1 of the Spider Nest)
 45129 | Elf:1    | Entered Level 1 of the Elven Halls
 45147 | Elf:1    | Identified the Tome of Toxins
 45380 | Elf:1    | Gained mutation: You have a pair of large antennae on your head (SInv). [demonic ancestry]
 45380 | Elf:1    | Reached XP level 18. HP: 138/138 MP: 17/35
 45993 | D:4      | Bought a bloodstained mottled dragon armour for 1035 gold pieces
 45995 | D:4      | Identified the cursed +0 mottled dragon armour "Wengost" {rN+ SInv} (You bought it in a shop on level 4 of the Dungeon)
 46364 | Elf:1    | Noticed Frontstab's ghost (adept OpBe)
 46369 | Elf:1    | Killed Frontstab's ghost
 46664 | Elf:2    | Reached skill level 18 in Necromancy
 46966 | Elf:2    | Found Xuzo's Jewellery Shop.
 47015 | Elf:2    | Found a runed gate.
 47015 | Elf:2    | Found a runed gate.
 47015 | Elf:2    | Found a runed gate.
 47154 | Elf:3    | Entered Level 3 of the Elven Halls
 47679 | Elf:3    | Reached skill level 15 in Armour
 48614 | Elf:3    | Reached XP level 19. HP: 152/154 MP: 15/37
 48637 | Elf:3    | Reached skill level 10 in Fighting
 48790 | Elf:3    | Got a pitted lead ring
 48791 | Elf:3    | Identified the ring "Ipli" {rC+ Slay+2} (You took it off a deep elf annihilator on level 3 of the Elven Halls)
 48969 | Elf:2    | Bought the amulet "Zinah" {Clar Int+6 Stlth-} for 649 gold pieces
 49153 | Elf:3    | Got a warped broad axe {venom}
 49155 | Elf:3    | Identified the +4 broad axe of the Establishment {venom, rElec MR- Dex+8} (You took it off a deep elf demonologist on level 3 of the Elven Halls)
 49244 | Elf:3    | Learned a level 4 spell: Throw Icicle
 49321 | Elf:3    | Got a shimmering leather armour
 49322 | Elf:3    | Identified the +3 leather armour of Agoraphobia {-Cast Dex+5 Stlth+} (You found it on level 3 of the Elven Halls)
 49350 | Elf:3    | Got an ebony quick blade
 49351 | Elf:3    | Identified the cursed +1 quick blade of Quick Death {pierce, *Confuse rC+ rN+ Stlth+} (You found it on level 3 of the Elven Halls)
 49363 | Elf:3    | Got a coiled emerald amulet
 49365 | Elf:3    | Identified the amulet of Begolal Ure {Inacc rElec rPois rC+ Str-2} (You found it on level 3 of the Elven Halls)
 50476 | Swamp:2  | Reached skill level 5 in Ice Magic
 51131 | Swamp:3  | Found a frozen archway.
 51227 | IceCv    | Entered an ice cave
 51339 | IceCv    | Got a crystal blowgun
 51340 | IceCv    | Identified the cursed +3 blowgun "Qoush" {speed, +Fly rElec rN++ Stlth+} (You found it in an ice cave)
 51366 | IceCv    | Reached skill level 1 in Evocations
 51823 | IceCv    | Got a pair of smoking gloves
 51834 | IceCv    | Identified the +0 pair of gloves of Voly {rN+} (You found it in an ice cave)
 51846 | IceCv    | Identified the Guide on Snow and Stolen Souls
 51852 | IceCv    | Identified the Handbook of Sharkskin
 52406 | Swamp:4  | Entered Level 4 of the Swamp
 52552 | Swamp:4  | Noticed the 27-headed Lernaean hydra
 53324 | Swamp:4  | Killed the 27-headed Lernaean hydra
 53389 | Swamp:4  | Got a decaying rune of Zot
 53523 | Swamp:3  | Reached skill level 10 in Conjurations
 53536 | Swamp:3  | Gained mutation: You sometimes gain power by taking damage. [demonic ancestry]
 53536 | Swamp:3  | Reached XP level 20. HP: 162/165 MP: 28/38
 53760 | Spider:2 | Upgraded the game from 0.18-a0-20-gaede791 to 0.18-a0-23-g19353e1
 54931 | Spider:4 | Entered Level 4 of the Spider Nest
 55253 | Spider:4 | Got a gossamer rune of Zot
 55778 | Vaults:1 | Entered Level 1 of the Vaults
 56463 | Vaults:1 | Learned a level 6 spell: Iron Shot
 56598 | Vaults:1 | Found Ciwaivuja's Armour Shoppe.
 56607 | Vaults:1 | Bought a +0 cloak of magic resistance for 172 gold pieces
 56630 | Vaults:1 | Reached skill level 1 in Earth Magic
 57865 | Vaults:2 | Noticed Mara
 57977 | Vaults:1 | Found a roughly hewn altar of Beogh.
 58298 | Vaults:2 | Reached skill level 5 in Earth Magic
 58428 | Vaults:2 | Reached XP level 21. HP: 182/182 MP: 32/39
 58619 | Vaults:2 | Noticed Enish's illusion
 60717 | Vaults:4 | Reached skill level 15 in Conjurations
 60889 | Vaults:5 | Entered Level 5 of the Vaults
 61035 | Vaults:5 | Gained mutation: A meltable icy envelope protects you from harm (AC +10). [demonic ancestry]
 61035 | Vaults:5 | Reached XP level 22. HP: 155/190 MP: 16/40
 61483 | Vaults:5 | Reached skill level 10 in Earth Magic
 61708 | Vaults:5 | Noticed Wiglaf
 61719 | Vaults:5 | Killed Wiglaf
 61829 | Vaults:5 | Reached skill level 10 in Dodging
 61848 | Vaults:5 | Got an encrusted quarterstaff
 61849 | Vaults:5 | Identified the +1 quarterstaff of the Stork {flame, rF+ rC+} (You found it on level 5 of the Vaults)
 61977 | Vaults:5 | Identified the Guide on Stolen Souls (You found it on level 5 of the Vaults)
 61978 | Vaults:5 | Upgraded the game from 0.18-a0-23-g19353e1 to 0.18-a0-27-g1f73fa3
 62364 | Vaults:5 | Got a silver rune of Zot
 62458 | Vaults:5 | Gained mutation: You are powered by pain. [demonic ancestry]
 62458 | Vaults:5 | Reached XP level 23. HP: 196/196 MP: 32/41
 62902 | Vaults:2 | Killed Mara
 62944 | Vaults:2 | Found a staircase to the Crypt.
 62969 | Crypt:1  | Entered Level 1 of the Crypt
 63593 | Crypt:3  | Entered Level 3 of the Crypt
 63755 | Crypt:2  | Reached skill level 19 in Necromancy
 64376 | Crypt:3  | Found a basalt altar of Yredelemnul.
 64612 | Crypt:3  | Found a staircase to the Tomb.
 64612 | Crypt:3  | Noticed an ancient lich
 64619 | Crypt:3  | Killed an ancient lich
 64798 | Crypt:3  | Got a smoking bone amulet
 64800 | Crypt:3  | Identified the amulet "Ahoec" {Stasis Int+7 SInv} (You found it on level 3 of the Crypt)
 64882 | Crypt:3  | Reached skill level 15 in Spellcasting
 64894 | Crypt:3  | Reached XP level 24. HP: 204/204 MP: 16/42
 66598 | Depths:2 | Killed Asterion
 66605 | Depths:2 | Found Nuthe's Armour Shoppe.
 66747 | Depths:2 | Learned a level 6 spell: Death Channel
 66787 | Depths:2 | Reached skill level 1 in Translocations
 66842 | Depths:2 | Noticed Sojobo
 66859 | Depths:2 | Killed Sojobo
 66876 | Depths:2 | Reached skill level 5 in Translocations
 67071 | Depths:2 | Noticed Jorgrun
 67075 | Depths:2 | Killed Jorgrun
 67705 | Elf:3    | Learned a level 5 spell: Phase Shift
 68678 | Depths:3 | Gained mutation: You are very robust (+20% HP). [demonic ancestry]
 68678 | Depths:3 | Reached XP level 25. HP: 204/230 MP: 24/44
 68945 | Depths:3 | Found a gateway to a ziggurat.
 69020 | Zig:1    | Entered Level 1 of a ziggurat
 69044 | Zig:2    | Entered Level 2 of a ziggurat
 69072 | Zig:2    | Learned a level 6 spell: Dispersal
 69079 | Zig:3    | Entered Level 3 of a ziggurat
 69096 | Zig:3    | Got a smoking morningstar
 69098 | Zig:3    | Identified the +5 morningstar of Dismay {antimagic, MP+9 Int+6} (You found it on level 3 of a ziggurat)
 69130 | Zig:4    | Entered Level 4 of a ziggurat
 69172 | Zig:4    | Got a translucent gossamer ring
 69174 | Zig:4    | Identified the ring of the Orange Skies {MP+9 Dex+5 Stlth+} (You found it on level 4 of a ziggurat)
 69179 | Zig:4    | Got an encrusted quarterstaff
 69180 | Zig:4    | Identified the +5 quarterstaff "Tormentor" {elec, rN+ Int+2 Dex-3} (You found it on level 4 of a ziggurat)
 69221 | Zig:5    | Entered Level 5 of a ziggurat
 69383 | Zig:6    | Entered Level 6 of a ziggurat
 69443 | Zig:7    | Entered Level 7 of a ziggurat
 69456 | Zig:7    | Noticed an ancient lich
 69463 | Zig:7    | Killed an ancient lich
 69463 | Zig:7    | Reached skill level 10 in Translocations
 69509 | Zig:7    | Gained mutation: You are extremely robust (+30% HP). [demonic ancestry]
 69509 | Zig:7    | Reached XP level 26. HP: 221/258 MP: 45/45
 69517 | Zig:7    | Got a transparent ivory ring
 69519 | Zig:7    | Identified the ring of Yvaesiuff {rPois rF+ MP+9 Int-3 Dex+12} (You found it on level 7 of a ziggurat)
 69544 | Zig:8    | Entered Level 8 of a ziggurat
 69613 | Zig:8    | Identified The Arcane Secrets of Theurgy
 69637 | Zig:8    | Learned a level 8 spell: Borgnjor's Revivification
 69685 | Zig:9    | Entered Level 9 of a ziggurat
 69694 | Zig:9    | Noticed an ancient lich
 69714 | Zig:9    | Killed an ancient lich
 69836 | Zig:10   | Entered Level 10 of a ziggurat
 69848 | Zig:10   | Noticed a juggernaut
 69871 | Zig:10   | Killed a juggernaut
 69940 | Zig:10   | Got a flickering lapis lazuli ring
 69941 | Zig:10   | Identified the ring "Unulaol" {*Contam +Inv rElec rPois Stlth+} (You found it on level 10 of a ziggurat)
 70025 | Zig:11   | Entered Level 11 of a ziggurat
 70064 | Zig:11   | Reached skill level 20 in Necromancy
 70112 | Zig:11   | Identified Sif Muna's Disquisition on Conjuration (You acquired it on level 11 of a ziggurat)
 70155 | Zig:12   | Entered Level 12 of a ziggurat
 70350 | Zig:12   | Got a heavily runed golden amulet
 70351 | Zig:12   | Identified the amulet of Hyal {Faith MR+} (You found it on level 12 of a ziggurat)
 70412 | Zig:13   | Entered Level 13 of a ziggurat
 70485 | Zig:13   | Got a smoking lead ring
 70486 | Zig:13   | Identified the ring "Taeptis" {Wiz +Blink rF- MR- Dex+8} (You found it on level 13 of a ziggurat)
 70571 | Zig:14   | Entered Level 14 of a ziggurat
 70863 | Zig:14   | Noticed Zudusauhir the pandemonium lord
 70869 | Zig:14   | Reached skill level 21 in Necromancy
 70869 | Zig:14   | Reached XP level 27. HP: 243/243 MP: 36/45
 70877 | Zig:14   | Killed Zudusauhir the pandemonium lord
 70885 | Zig:14   | Noticed Picluara the pandemonium lord
 70907 | Zig:14   | Killed Picluara the pandemonium lord
 70969 | Zig:14   | Got an ancient dire flail
 70970 | Zig:14   | Identified the cursed +3 dire flail "Deph" {speed, Str+3 Dex+3} (You found it on level 14 of a ziggurat)
 70987 | Zig:15   | Entered Level 15 of a ziggurat
 71059 | Zig:15   | Reached skill level 22 in Necromancy
 71132 | Zig:15   | Reached skill level 15 in Fighting
 71135 | Zig:15   | Got a scintillating bone amulet
 71137 | Zig:15   | Identified the amulet of Kalyrail {rMut +Fly rF+ MR- Int+9} (You found it on level 15 of a ziggurat)
 71152 | Zig:15   | Got an encrusted cloak
 71164 | Zig:15   | Identified the cursed +0 cloak "Issoth" {+Blink} (You found it on level 15 of a ziggurat)
 71206 | Zig:16   | Entered Level 16 of a ziggurat
 71244 | Zig:16   | Paralysed by a great orb of eyes for 3 turns
 71375 | Zig:16   | Got a steaming lajatang
 71377 | Zig:16   | Identified the +2 lajatang of the Blowfly {freeze, +Fly} (You found it on level 16 of a ziggurat)
 71380 | Zig:16   | Got a shimmering turquoise ring
 71383 | Zig:16   | Identified the ring of Free Will {rF++ Int+4 Dex-3 Stlth+} (You found it on level 16 of a ziggurat)
 71390 | Zig:16   | Got a vibrating ivory amulet
 71398 | Zig:16   | Identified the amulet "Siqompami" {Clar MR+} (You found it on level 16 of a ziggurat)
 71430 | Zig:17   | Entered Level 17 of a ziggurat
 71568 | Zig:17   | Identified the Collected Works on Self-Improvement and Changing
 71589 | Zig:17   | Got a bloodstained flail
 71590 | Zig:17   | Identified the +2 flail of Odoewn {drain, +Blink rC- SInv} (You found it on level 17 of a ziggurat)
 71621 | Zig:17   | Learned a level 8 spell: Necromutation
 71628 | Zig:18   | Entered Level 18 of a ziggurat
 71649 | Zig:18   | Reached skill level 1 in Transmutations
 71661 | Zig:18   | Noticed an ancient lich
 71684 | Zig:18   | Reached skill level 5 in Transmutations
 71706 | Zig:18   | Killed an ancient lich
 71820 | Zig:18   | Got a fine platinum amulet
 71822 | Zig:18   | Identified the amulet of Ukhuopp {Clar rPois} (You found it on level 18 of a ziggurat)
 72103 | Depths:3 | Gained mutation: Your flesh is very cold resistant. [potion of beneficial mutation]
 72315 | Depths:3 | Learned a level 6 spell: Freezing Cloud
 72331 | Depths:3 | Reached skill level 1 in Air Magic
 72376 | Depths:3 | Got a transparent jade ring
 72486 | Depths:4 | Noticed Frederick
 72504 | Depths:4 | Killed Frederick
 72513 | Depths:4 | Reached skill level 5 in Air Magic
 72721 | Depths:4 | Noticed the Enchantress
 72734 | Depths:4 | Killed the Enchantress
 72739 | Depths:4 | Noticed Margery
 72750 | Depths:4 | Killed Margery
 72758 | Depths:4 | Reached skill level 1 in Shields
 72847 | Depths:4 | Got a faerie dragon armour
 72859 | Depths:4 | Identified the +4 faerie dragon armour {Int+5} (You took it off the Enchantress on level 4 of the Depths)
 72883 | Depths:4 | Got a twitching tin ring
 72892 | Depths:4 | Identified the ring "Qokocub" {rN+ Str+3 Stlth-} (You found it on level 4 of the Depths)
 72897 | Depths:4 | Identified the ring of Rovappegg {+Fly rPois Int+7 Slay-2} (You found it on level 3 of the Depths)
 73355 | Depths:4 | Noticed an ancient lich
 73361 | Depths:4 | Killed an ancient lich
 73361 | Depths:4 | Reached skill level 5 in Shields
 73440 | Depths:4 | Noticed a juggernaut
 73450 | Depths:4 | Killed a juggernaut
 73473 | Depths:4 | Got an ichor-stained quarterstaff
 73474 | Depths:4 | Identified the +8 quarterstaff of Disarray {flame, rF+++ rC+ Dex-4} (You found it on level 4 of the Depths)
 73754 | Depths:4 | Reached skill level 10 in Air Magic
 73992 | Depths:5 | Entered Level 5 of the Depths
 74167 | Depths:5 | Found Rosimn's Food Shop.
 74281 | Depths:5 | Learned a level 6 spell: Simulacrum
 74557 | Depths:5 | Got a dazzling buckler
 74563 | Depths:5 | Identified the +3 buckler of Altruism {rF+ MR+ Regen+} (You found it on level 5 of the Depths)
 74709 | Depths:5 | Found a gate to the Realm of Zot.
 74746 | Depths:5 | Reached skill level 10 in Transmutations
 74915 | Zot:1    | Entered Level 1 of the Realm of Zot
 75208 | Zot:1    | Reached skill level 23 in Necromancy
 76138 | Zot:2    | Reached skill level 24 in Necromancy
 76977 | Zot:3    | Reached skill level 25 in Necromancy
 77030 | Zot:3    | Paralysed by a Zot trap for 3 turns
 77123 | Zot:3    | Noticed an ancient lich
 77131 | Zot:3    | Killed an ancient lich
 77156 | Zot:3    | Identified Lehudib's Incunabulum of Igneous Confrontation
 77611 | Zot:4    | Reached skill level 26 in Necromancy
 78329 | Zot:5    | Entered Level 5 of the Realm of Zot
 78395 | Zot:5    | Reached skill level 27 in Necromancy
 78421 | Zot:5    | Noticed an orb of fire
 78421 | Zot:5    | Noticed an orb of fire
 78423 | Zot:5    | Noticed an orb of fire
 78423 | Zot:5    | Noticed an ancient lich
 78423 | Zot:5    | Noticed an orb of fire
 78424 | Zot:5    | Noticed an orb of fire
 78433 | Zot:5    | Killed an ancient lich
 78806 | Zot:5    | Killed an orb of fire
 78839 | Zot:5    | Noticed an ancient lich
 78841 | Zot:5    | Noticed an orb of fire
 78844 | Zot:5    | Killed an ancient lich
 78845 | Zot:5    | Noticed an orb of fire
 78849 | Zot:5    | Killed an orb of fire
 78856 | Zot:5    | Killed an orb of fire
 78992 | Zot:5    | Killed an orb of fire
 79024 | Zot:5    | Noticed an orb of fire
 79031 | Zot:5    | Killed an orb of fire
 79043 | Zot:5    | Killed an orb of fire
 79062 | Zot:5    | Killed an orb of fire
 79074 | Zot:5    | Noticed an orb of fire
 79079 | Zot:5    | Killed an orb of fire
 79093 | Zot:5    | Noticed an orb of fire
 79111 | Zot:5    | Killed an orb of fire
 79270 | Zot:5    | Killed an orb of fire
 79870 | Slime:1  | Entered Level 1 of the Pits of Slime
 80151 | Slime:6  | Entered Level 6 of the Pits of Slime
 80173 | Slime:6  | Noticed timbw's ghost (adept MiFi)
 80179 | Slime:6  | Killed timbw's ghost
 80256 | Slime:6  | Found a viscous altar of Jiyva.
 80258 | Slime:6  | Noticed the royal jelly
 80286 | Slime:6  | Killed the royal jelly
 80305 | Slime:6  | Got a polished troll leather armour
 80306 | Slime:6  | Identified the +7 troll leather armour of the Invisible Hand {rElec rN++ Regen+ Str+2 Int-5} (You found it on level 6 of the Pits of Slime)
 80366 | Slime:6  | Got a slimy rune of Zot
 80416 | Slime:6  | Upgraded the game from 0.18-a0-27-g1f73fa3 to 0.18-a0-33-g9e10395
 80825 | Depths:1 | Voluntarily entered the Abyss.
 80984 | Abyss:2  | Found a runed door.
 81035 | Abyss:2  | Found a runed door.
 81111 | Abyss:2  | Paralysed by you for 3 turns
 81755 | Abyss:3  | Found a corrupted altar of Lugonu.
 81781 | Abyss:4  | Found a corrupted altar of Lugonu.
 81787 | Abyss:4  | Paralysed by you for 2 turns
 81834 | Abyss:4  | Got an abyssal rune of Zot
 82015 | Depths:1 | Escaped the Abyss
 82095 | D:13     | You showed the abyssal rune of Zot to enter a treasure trove
 82096 | Trove    | Entered a treasure trove
 82145 | Trove    | Got a smoking jade ring
 82146 | Trove    | Identified the ring "Jyant" {Ice MR+ MP-9 Stlth+} (You found it in a treasure trove)
 82152 | Trove    | Got a jewelled morningstar
 82153 | Trove    | Identified the +1 morningstar of Immorality {crush, rPois rF+ MP+9} (You found it in a treasure trove)
 82161 | Trove    | Got a steaming crystal plate armour
 82172 | Trove    | Identified the +1 crystal plate armour "Pejanke" {+Inv MR+ Stlth+} (You found it in a treasure trove)
 82267 | Hell     | Entered the Vestibule of Hell
 82269 | Hell     | Noticed Geryon
 82280 | Hell     | Killed Geryon
 82320 | Hell     | Noticed Murray
 82332 | Hell     | Killed Murray
 82430 | Hell     | Found a gateway to the Iron City of Dis.
 82440 | Dis:1    | Entered Level 1 of the Iron City of Dis
 82934 | Dis:5    | You fall through a shaft!
 82969 | Dis:7    | Entered Level 7 of the Iron City of Dis
 83390 | Dis:7    | Noticed Dispater
 83437 | Dis:7    | Killed Dispater
 83452 | Dis:7    | Identified the Catalogue of Creative Ice
 83458 | Dis:7    | Got an iron rune of Zot
 83539 | Dis:7    | Identified the Reference Book on Supportive Enchantment
 83793 | Hell     | Found a gateway to the ashen valley of Gehenna.
 83810 | Geh:1    | Entered Level 1 of Gehenna
 84369 | Geh:7    | Entered Level 7 of Gehenna
 84852 | Geh:7    | Got a faintly glowing granite ring
 84943 | Geh:7    | Gained mutation: You are clumsy. (Dex -2) [mutagenic glow]
 85001 | Geh:7    | Noticed Asmodeus
 85017 | Geh:7    | Killed Asmodeus
 85032 | Geh:7    | Got an obsidian rune of Zot
 85035 | Geh:7    | Identified the Disquisition on Boosts
 85128 | Hell     | Found a gateway to the decaying netherworld of Tartarus.
 85364 | Tar:1    | Entered Level 1 of Tartarus
 85588 | Tar:5    | Found a huge runed gate.
 85588 | Tar:5    | Found a huge runed gate.
 85588 | Tar:5    | Found a huge runed gate.
 85588 | Tar:5    | Found a huge runed gate.
 85604 | Tar:5    | Found a huge runed gate.
 85604 | Tar:5    | Found a huge runed gate.
 85604 | Tar:5    | Found a huge runed gate.
 85604 | Tar:5    | Found a huge runed gate.
 85607 | Tar:5    | Found a huge runed gate.
 85642 | Tar:5    | Noticed an ancient lich
 85650 | Tar:5    | Killed an ancient lich
 85854 | Tar:7    | Entered Level 7 of Tartarus
 86361 | Tar:7    | Learned a level 8 spell: Controlled Blink
 87268 | Tar:7    | Reached skill level 15 in Translocations
 87638 | Tar:7    | Identified the Reference Book on Aid
 87648 | Tar:7    | Identified the Compendium of Flying Contamination
 87948 | Tar:7    | Noticed Ereshkigal
 88416 | Tar:7    | Got a bone rune of Zot
 88556 | Hell     | Found a gateway to the freezing wastes of Cocytus.
 88589 | Coc:1    | Entered Level 1 of Cocytus
 88618 | Coc:1    | Upgraded the game from 0.18-a0-33-g9e10395 to 0.18-a0-42-g56b16cb
 88904 | Coc:7    | Entered Level 7 of Cocytus
 89197 | Coc:7    | Noticed the Serpent of Hell
 89209 | Coc:7    | Killed the Serpent of Hell
 89572 | Coc:7    | Identified the ring "Matsuoho" {SustAt rF+ rC- Str+2 Dex+4} (You took it off a hell knight on level 7 of Gehenna)
 89581 | Coc:7    | Noticed Antaeus
 89616 | Coc:7    | Identified the Handbook of Malediction and Confrontation
 89702 | Coc:7    | HP: 12/243 [Antaeus/ancient halberd {pain} (8)]
 89704 | Coc:7    | Killed Antaeus
 89709 | Coc:7    | Got a faintly glowing lapis lazuli ring
 89711 | Coc:7    | Identified the ring of the Scarab {rPois rC+} (You took it off Antaeus on level 7 of Cocytus)
 89723 | Coc:7    | Got an icy rune of Zot
 89725 | Coc:7    | Identified Sif Muna's Tome of Cankerous Calling
 90039 | Hell     | Upgraded the game from 0.18-a0-42-g56b16cb to 0.18-a0-59-gb630132
 90089 | Depths:1 | Voluntarily entered the Abyss.
 90089 | Abyss:1  | Found a corrupted altar of Lugonu.
 90225 | Depths:1 | Escaped the Abyss
 90282 | Pan      | Entered Pandemonium
 90282 | Pan      | Found an exit through the horrors of the Abyss.
 90933 | Pan      | HP: 10/226 [Brimstone Fiend/blast of hellfire (41)]
 91049 | Pan      | Noticed Mopturph the pandemonium lord
 91057 | Pan      | Killed Mopturph the pandemonium lord
 91272 | Pan      | Got a demonic rune of Zot
 91374 | Pan      | Noticed Fiafal the pandemonium lord
 91380 | Pan      | Killed Fiafal the pandemonium lord
 91388 | Pan      | Lost mutation: Your flesh is very cold resistant. [potion of cure mutation]
 91388 | Pan      | Lost mutation: You are clumsy. (Dex -2) [potion of cure mutation]
 91713 | Pan      | Found an exit through the horrors of the Abyss.
 92101 | Pan      | Entered the realm of Mnoleg.
 92342 | Pan      | Found an exit through the horrors of the Abyss.
 92478 | Pan      | Gained mutation: Your natural rate of healing is unusually fast. [a cacodemon]
 92481 | Pan      | Reached skill level 10 in Ice Magic
 92801 | Pan      | Noticed Mnoleg
 92868 | Pan      | Killed Mnoleg
 92904 | Pan      | Got a glowing rune of Zot
 93269 | Pan      | Found an exit through the horrors of the Abyss.
 93753 | Pan      | Noticed Omuakuts the pandemonium lord
 93758 | Pan      | Killed Omuakuts the pandemonium lord
 93867 | Pan      | Noticed Nakhlus the pandemonium lord
 93885 | Pan      | Found an exit through the horrors of the Abyss.
 94790 | Pan      | Noticed Coutaigu the pandemonium lord
 94797 | Pan      | Killed Coutaigu the pandemonium lord
 94865 | Pan      | Gained mutation: You are agile. (Dex +2) [potion of beneficial mutation]
 95201 | Pan      | Found an exit through the horrors of the Abyss.
 95533 | Depths:2 | Escaped Pandemonium
 95634 | Pan      | Entered Pandemonium
 95820 | Pan      | Noticed Feixzare the pandemonium lord
 95832 | Pan      | Killed Feixzare the pandemonium lord
 95943 | Pan      | Found an exit through the horrors of the Abyss.
 96086 | Pan      | Noticed Mennas
 96130 | Pan      | Killed Mennas
 96136 | Pan      | Got a steaming large shield
 96141 | Pan      | Identified the +0 large shield "Unnenuef" {*Confuse +Inv +Fly rPois} (You took it off Mennas in Pandemonium)
 96503 | Pan      | Gained mutation: Potions and wands are less effective at restoring your health. [a neqoxec]
 96556 | Pan      | Noticed Eptamm the pandemonium lord
 96588 | Pan      | Killed Eptamm the pandemonium lord
 96604 | Pan      | Lost mutation: Potions and wands are less effective at restoring your health. [potion of cure mutation]
 96604 | Pan      | Lost mutation: Your natural rate of healing is unusually fast. [potion of cure mutation]
 96604 | Pan      | Lost mutation: You are agile. (Dex +2) [potion of cure mutation]
 96759 | Pan      | Found an exit through the horrors of the Abyss.
 96913 | Depths:2 | Escaped Pandemonium
 97010 | Pan      | Entered Pandemonium
 97050 | Pan      | Found an exit through the horrors of the Abyss.
 97412 | Pan      | Noticed Cytuiv the pandemonium lord
 97418 | Pan      | Killed Cytuiv the pandemonium lord
 97492 | Pan      | Got a coiled silver ring
 97493 | Pan      | Identified the ring of the First Tales {Ice rElec SInv} (You found it in Pandemonium)
 97668 | Pan      | Found an exit through the horrors of the Abyss.
 98037 | Pan      | Found a runed door.
 98255 | Pan      | Noticed Jast the pandemonium lord
 98260 | Pan      | Killed Jast the pandemonium lord
 98441 | Pan      | Found an exit through the horrors of the Abyss.
 98445 | Pan      | Got a bound bone ring
 98446 | Pan      | Identified the ring "Bank" {rElec rPois rC- MR+ Slay+3} (You found it in Pandemonium)
 98648 | Pan      | Noticed Ruofuq the pandemonium lord
 98657 | Pan      | Killed Ruofuq the pandemonium lord
 98899 | Pan      | Reached skill level 15 in Air Magic
 98944 | Pan      | Reached skill level 27 in Spellcasting
 99109 | Pan      | Noticed Tidatt the pandemonium lord
 99120 | Pan      | Killed Tidatt the pandemonium lord
 99329 | Pan      | Identified the Grimoire of Damaging Feathers (You found it in Pandemonium)
 99651 | Pan      | Found an exit through the horrors of the Abyss.
 99758 | Pan      | Entered the realm of Cerebov.
 99821 | Pan      | Learned a level 9 spell: Tornado
100070 | Pan      | Noticed Cerebov
100098 | Pan      | Killed Cerebov
100205 | Pan      | Got an ancient platinum ring
100206 | Pan      | Identified the ring of Terra Nullius {+/*Tele Str+2} (You found it in Pandemonium)
100209 | Pan      | Got a shimmering lapis lazuli ring
100211 | Pan      | Identified the ring "Ejahid" {rC+ MR+} (You found it in Pandemonium)
100219 | Pan      | Got a crystal falchion
100220 | Pan      | Identified the +1 falchion "Woucegekied" {venom, *Corrode rElec Str+4} (You found it in Pandemonium)
100303 | Pan      | Identified Noebaicw's Handbook of the Mutagenic Oath
100325 | Pan      | Got a fiery rune of Zot
100376 | Pan      | Got a sparkling amber ring
100378 | Pan      | Identified the ring of the Firefly {rPois rC+ MP+9 Int+5} (You found it in Pandemonium)
100422 | Pan      | Identified the Grimoire of Dark Rituals
100613 | Pan      | Found an exit through the horrors of the Abyss.
100986 | Pan      | Found an exit through the horrors of the Abyss.
101127 | Pan      | Learned a level 2 spell: Blink
101368 | Pan      | Noticed Azeffu the pandemonium lord
101373 | Pan      | Killed Azeffu the pandemonium lord
101583 | Pan      | Found an exit through the horrors of the Abyss.
101760 | Pan      | Noticed Qoydobb the pandemonium lord
101765 | Pan      | Killed Qoydobb the pandemonium lord
102400 | Pan      | Found an exit through the horrors of the Abyss.
102811 | Pan      | Noticed Lathue the pandemonium lord
102819 | Pan      | Killed Lathue the pandemonium lord
103041 | Pan      | Found an exit through the horrors of the Abyss.
103421 | Pan      | Noticed Leurur the pandemonium lord
103428 | Pan      | Killed Leurur the pandemonium lord
103433 | Pan      | Found an exit through the horrors of the Abyss.
104482 | Pan      | Entered the realm of Gloorx Vloq.
104500 | Pan      | Found an exit through the horrors of the Abyss.
104771 | Pan      | Got a transparent lajatang
104772 | Pan      | Identified the cursed +2 lajatang of Owuor {elec, rPois rC++ MP-9 Int+4} (You found it in Pandemonium)
105012 | Pan      | Noticed Gloorx Vloq
105167 | Pan      | Killed Gloorx Vloq
105269 | Pan      | Got a dark rune of Zot
105552 | Pan      | Noticed Ircheli the pandemonium lord
105556 | Pan      | Killed Ircheli the pandemonium lord
106019 | Pan      | Found an exit through the horrors of the Abyss.
106185 | Pan      | Entered the realm of Lom Lobon.
106259 | Pan      | Found an exit through the horrors of the Abyss.
106776 | Pan      | Noticed Lom Lobon
106805 | Pan      | Killed Lom Lobon
106864 | Pan      | Got a magical rune of Zot
107215 | Pan      | Noticed Evib the pandemonium lord
107221 | Pan      | Killed Evib the pandemonium lord
107238 | Pan      | Found an exit through the horrors of the Abyss.
107641 | Pan      | Noticed Siavoq the pandemonium lord
107645 | Pan      | Killed Siavoq the pandemonium lord
107874 | Pan      | Found an exit through the horrors of the Abyss.
108194 | Pan      | Found an exit through the horrors of the Abyss.
108222 | Pan      | Noticed Wammaun the pandemonium lord
108289 | Pan      | Killed Wammaun the pandemonium lord
108583 | Pan      | Found an exit through the horrors of the Abyss.
108662 | Pan      | Got a faintly glowing silver ring
108663 | Pan      | Identified the ring of Koakypp {rElec rN+} (You found it in Pandemonium)
108791 | Pan      | Found a runed door.
108821 | Pan      | Found a runed door.
108821 | Pan      | Noticed Tighuech the pandemonium lord
108838 | Pan      | Killed Tighuech the pandemonium lord
108843 | Pan      | Found a runed door.
108843 | Pan      | Found a runed door.
108852 | Pan      | Got a scorched cloak
108853 | Pan      | Identified the +2 cloak of the Heron {*Drain +Fly rC+} (You found it in Pandemonium)
109346 | Pan      | Found a gateway to a ziggurat.
109358 | Pan      | Found an exit through the horrors of the Abyss.
109368 | Zig:1    | Entered Level 1 of a ziggurat
109388 | Zig:2    | Entered Level 2 of a ziggurat
109413 | Zig:3    | Entered Level 3 of a ziggurat
109427 | Zig:3    | Got a smoking bronze ring
109428 | Zig:3    | Identified the ring "Yvetopn" {SustAt rF+} (You found it on level 3 of a ziggurat)
109446 | Zig:4    | Entered Level 4 of a ziggurat
109465 | Zig:5    | Entered Level 5 of a ziggurat
109491 | Zig:5    | Reached skill level 15 in Dodging
109502 | Zig:5    | Got a vibrating diamond amulet
109503 | Zig:5    | Identified the amulet of the Sun {Gourm +Fly Str+6} (You found it on level 5 of a ziggurat)
109514 | Zig:6    | Entered Level 6 of a ziggurat
109551 | Zig:6    | Identified the Disquisition on Toxic Conjuration (You found it on level 6 of a ziggurat)
109576 | Zig:6    | Learned a level 8 spell: Lehudib's Crystal Spear
109587 | Zig:6    | Learned a level 9 spell: Glaciate
109606 | Zig:7    | Entered Level 7 of a ziggurat
109635 | Zig:7    | Got a warped long sword
109636 | Zig:7    | Identified the +7 long sword "Muosuxux" {flame, rElec rF- Str+6 Int+2} (You found it on level 7 of a ziggurat)
109643 | Zig:8    | Entered Level 8 of a ziggurat
109683 | Zig:9    | Entered Level 9 of a ziggurat
109723 | Zig:9    | Learned a level 6 spell: Bolt of Cold
109741 | Zig:10   | Entered Level 10 of a ziggurat
109799 | Zig:11   | Entered Level 11 of a ziggurat
109847 | Zig:11   | Got an encrusted scimitar
109848 | Zig:11   | Identified the +6 scimitar "Tarocab" {holy, rPois rN+} (You found it on level 11 of a ziggurat)
109871 | Zig:12   | Entered Level 12 of a ziggurat
109879 | Zig:12   | Noticed Yssuse the pandemonium lord
109883 | Zig:12   | Noticed Qirgheffe the pandemonium lord
109889 | Zig:12   | Killed Yssuse the pandemonium lord
109889 | Zig:12   | Reached skill level 15 in Ice Magic
109894 | Zig:12   | Killed Qirgheffe the pandemonium lord
109907 | Zig:12   | Identified Nedaicy's Incunabulum of Orientation (You found it on level 12 of a ziggurat)
109911 | Zig:12   | Got a brightly glowing garnet amulet
109912 | Zig:12   | Identified the amulet of Kolliso {rMut rPois Slay+6} (You found it on level 12 of a ziggurat)
109919 | Zig:12   | Got a faintly glowing garnet amulet
109920 | Zig:12   | Identified the amulet "Cuimmel" {+Rage +Inv Int+7} (You found it on level 12 of a ziggurat)
109927 | Zig:12   | Got a steaming bone ring
109928 | Zig:12   | Identified the ring of Enny {rPois rC+} (You found it on level 12 of a ziggurat)
109939 | Zig:13   | Entered Level 13 of a ziggurat
109977 | Zig:13   | Got a shimmering great mace
109978 | Zig:13   | Identified the +8 great mace "Qyhareri" {flame, *Corrode +Inv rF- rN+++} (You found it on level 13 of a ziggurat)
109997 | Zig:14   | Entered Level 14 of a ziggurat
110036 | Zig:14   | Got a twitching lead amulet
110037 | Zig:14   | Identified the amulet "Muiqute" {rC- Regen+ Int+5} (You found it on level 14 of a ziggurat)
110069 | Zig:15   | Entered Level 15 of a ziggurat
110079 | Zig:15   | Noticed Otarr the pandemonium lord
110079 | Zig:15   | Noticed Ylehin the pandemonium lord
110081 | Zig:15   | Noticed Ahaeso the pandemonium lord
110087 | Zig:15   | Killed Otarr the pandemonium lord
110088 | Zig:15   | Killed Ahaeso the pandemonium lord
110110 | Zig:15   | Killed Ylehin the pandemonium lord
110170 | Zig:16   | Entered Level 16 of a ziggurat
110214 | Zig:16   | Identified the Catalogue of Sinister Attacks (You found it on level 16 of a ziggurat)
110237 | Zig:17   | Entered Level 17 of a ziggurat
110254 | Zig:17   | Slain by a pearl dragon

Vault maps used:
D:1:      lightli_arrival_windingriver
D:2:      minmay_goblin_outpost, uniq_natasha, uniq_terence
D:3:      led_xom_imps
D:4:      serial_shops, shop, nicolae_ossuary_entry_monument, tgw_trog,
          uniq_robin, uniq_blork_the_orc
D:5:      kennysheep_mini, first_bread, grunt_decor_mini_mirrors,
          okawaru_gym_becter, uniq_menkaure
D:6:      serial_curves, eino_curves_04, eino_curves_02
D:7:      zin_scriptorium, kennysheep_mini_moat, serial_shops, shop,
          uniq_crazy_yiuf_cottage
D:8:      lair_0_dummy, special_room, serial_shops, shop_statue, shop, shop,
          grunt_pizzeria, grunt_ashenzari_visionary
D:9:      lemuel_round_altar, gammafunk_temple_overflow_forgotten,
          grunt_ministairs_1
D:10:     david_orc_5
D:11:     dk_noncrumbling_4
D:12:     serial_column_ruins, column_ruins_columns_corner,
          column_ruins_columns_straight, column_ruins_columns_dead_end,
          column_ruins_open_medium, column_ruins_columns_straight, basic_altar,
          minmay_misc_feat_encased, grunt_decor_cap, minmay_misc_feat_five
D:13:     grunt_vaults_entry_tiered, enter_trove_3, uniq_azrael, uniq_josephine,
          uniq_snorg, uniq_sonja, uniq_frances
D:14:     nicolae_tso_carved_into_rock, ice2_lemuel
D:15:     gammafunk_enter_depths_forms, serial_park_avenue1
Temple:   triangle_lava_temple_12
Lair:1:   beast_lair_carwin_3, lemuel_fruit_fields, lemuel_fruit_tree,
          lemuel_fruit_fields, uniq_harold, uniq_gastronok
Lair:2:   lab_entry_generic
Lair:3:   serial_bayou_lake_a, serial_bayou_shore_a, grunt_megastairs_5,
          bh_autumn_forest_stairs
Lair:4:   serial_bayou_pond_d
Lair:5:   swamp_mist, lemuel_old_faithful
Lair:6:   nicolae_spider_entry_orb_guardian, slime_altar_2, basic_altar,
          uniq_kirke, uniq_maud
Lair:7:   guppyfry_lair_drakes, lemuel_fruit_fields
Lair:8:   hangedman_lair_tendril_chambers
Swamp:1:  evilmike_swamp_ruin_house_5
Swamp:2:  evilmike_swamp_ruin_house_6, swamp_pool1, cheibrodos_swamp_slimy
Swamp:3:  portal_ice_cave_entry_imps, evilmike_swamp_ruin_wall
Swamp:4:  swamp_old_school, swamp_pool3, hangedman_swamp_cone, ldierk_geyser,
          nicolae_swamp_rocky_clearing
Spider:1: cheibrodos_spider_creepycove, uniq_louise
Spider:2: worms_lemuel
Spider:3: nicolae_spider_hall_of_the_moth_king, nicolae_spider_cling_halls
Spider:4: grunt_spider_rune_circles
Slime:3:  basic_altar
Slime:4:  uniq_dissolution
Orc:2:    serial_shops, nicolae_shop_crystal, mines1_david
Orc:3:    nicolae_volcano_entry_batcave, nicolae_orc_pool_cavern, uniq_erolcha,
          uniq_nergalle
Orc:4:    st_orc_elflike, basic_altar, serial_shops, shop
Elf:1:    minmay_elf_arrival_circle, orc_legates
Elf:2:    serial_shops, nicolae_shop_stone
Elf:3:    minmay_elf_hall_hex, dk_noncrumbling_3, minmay_misc_feat_pillars
Vaults:1: vaults_standard_mumra_lines, v_rooms_4, nicolae_vaults_big_ls,
          vaults_room_grunt_arrival_ludios, nicolae_vaults_little_squares_5,
          v_misc_11, special_room_vaults, vaults_room_corners, serial_shops,
          shop
Vaults:2: nicolae_vaults_theta, vaults_standard_mumra_x,
          minmay_crypt_entry_simple_statues, v_rooms_1,
          vaults_room_grunt_arrival_checkpoint,
          nicolae_vaults_windows_and_doors_thing, v_misc_10, v_alt_pattern_6,
          vaults_dpeg_encased_lava, nicolae_vaults_murderbox, uniq_mara
Vaults:3: v_misc_27, vaults_room_octagon, nicolae_vaults_circle_grid_b,
          v_misc_1, dpeg_vaults_monster_box, v_misc_24,
          nicolae_vaults_minivaults, v_misc_22, ontoclasm_vaults_pinch,
          nicolae_vaults_diagonal_hallway_7, nicolae_vaults_yaktaur_gun_rack,
          nicolae_vaults_little_squares_5, vaults_mumra_hex, vaults_mumra_lcd
Vaults:4: ontoclasm_vaults_loading_screen, vaults_room_semicircle,
          vaults_dpeg_hooks, v_rooms_2, ontoclasm_vaults_hangar,
          nicolae_vaults_rhombus_5, hangedman_vaults_locks,
          nicolae_vaults_gold_heap, v_misc_25, ontoclasm_vaults_eye,
          hangedman_vaults_snaps, serial_ice_h, vaults_room_corners
Vaults:5: serial_shops, uniq_wiglaf
Crypt:1:  grunt_crypt_arrival_webbed, roderic_lattice_octagonal_star
Crypt:3:  grunt_crypt_end_deaths_head
Depths:1: minmay_misc_feat_rows, nicolae_abyss_entry_one_way_or_another,
          hell_entry, minmay_misc_feat_alley, kennysheep_minor_cross,
          minmay_crystal_box, uniq_nikola
Depths:2: evilmike_diamond_2, hell_entry, serial_shops, shop_fountains,
          grunt_pan_entry_in_and_out, uniq_jorgrun, uniq_sojobo, uniq_asterion
Depths:3: fort_yaktaur, enter_ziggurat_c, rand_demon_pan_entry_1, hell_entry,
          abyss_entry, roderic_roman_lattice, infiniplex_staircase_zigzag_1
Depths:4: little_maze_vault, hell_entry, abyss_entry,
          infiniplex_staircase_zigzag_2, uniq_enchantress, uniq_frederick,
          uniq_margery
Depths:5: lemuel_castle_with_subvaults, hell_entry, serial_bayou,
          serial_bayou_pond_b, serial_bayou_lagoon_a, serial_bayou_pond_e,
          serial_bayou_pond_e, serial_shops, nicolae_shop_waterfront
Dis:1:    grunt_dis_stairs_iron_hall
Dis:2:    lightli_tower_of_babel, grunt_megastairs_2
Dis:7:    dis_st
Geh:1:    gehenna_fire_generator, lemuel_flamethrower_2, grunt_megastairs_3
Geh:3:    lemuel_flamethrower_3
Geh:7:    geh_grunt_pentagon
Coc:7:    coc_grunt_cove
Tar:2:    nicolae_tar_cuneiform_bird, lemuel_elevator
Tar:3:    minmay_shadows
Tar:5:    hangedman_tartarus_temple_path, door_vault
Tar:6:    nicolae_tar_cuneiform_bird
Tar:7:    tar_mu
Zot:1:    st_stairs_7
Zot:2:    lemuel_elevator
Zot:3:    lemuel_lich_library
Abyss:1:  minivault_4, evilmike_abyss_exit_glass,
          hangedman_abyss_or_decor_passed
Abyss:3:  evilmike_abyss_rune_elephants, hangedman_decor_riveting,
          hangedman_abyss_or_decor_stagger
Abyss:4:  hangedman_abyss_monster_moat, nicolae_abyss_rune_left_handed,
          guppyfry_abyss_exit_glass_guarded
Pan:      lemuel_hall_of_pain, evilmike_mini_pan_diamond, evilmike_mnoleg_eyes,
          rand_demon_4, nicolae_pan_lom_lobonic_3, rand_demon_2,
          pan_blood_fountain_2, evilmike_mini_pan_layers, pan_captured_pigsty,
          rand_demon_8, uniq_mennas_pan, grunt_pan_spiral,
          evilmike_mini_pan_rooms, rand_demon_9, pan_blood_fountain_small,
          evilmike_mini_pan_corner, nicolae_pan_cerebovesque_2,
          evilmike_mini_pan_doors, evilmike_cerebov_lava,
          evilmike_mini_pan_layers, grunt_pan_spiral, pan_blood_fountain_2,
          evilmike_mini_pan_V, nicolae_pan_lom_lobonic_1, reaverb_pan_squares,
          evilmike_mini_pan_doors_b, reaverb_pan_figure_eight, rand_demon_2,
          evilmike_gloorx_vloq_box, evilmike_mini_pan_diamond,
          lom_lobon_spiral_st, pan_blood_fountain, lemuel_draining_boxes,
          rand_demon_3, evilmike_mini_pan_3x3, rand_demon_7, rand_demon_5,
          enter_ziggurat_pan_b
Zig:4:    ziggurat_pillar_centre_smoke
Zig:5:    ziggurat_pillar_centre_oklobs
Zig:7:    ziggurat_pillar_centre_dead_trees
Zig:8:    ziggurat_pillar_centre_c
Zig:11:   ziggurat_pillar_centre_drop
Zig:15:   ziggurat_loot_2
Zig:16:   ziggurat_loot_3
Trove:    trove_simple
IceCv:    ice_cave_caverns_02
Volcano:  volcano_caves

Action                   |  1- 3 |  4- 6 |  7- 9 | 10-12 | 13-15 | 16-18 | 19-21 | 22-24 | 25-27 || total
-------------------------+-------+-------+-------+-------+-------+-------+-------+-------+-------++-------
Melee: Club              |    16 |       |       |       |       |       |       |       |       ||    16
       Whip              |     4 |    40 |   317 |    24 |       |       |       |       |       ||   385
       Mace              |       |       |    16 |    12 |       |       |       |       |       ||    28
       Morningstar       |       |       |       |   201 |   313 |   395 |   262 |       |       ||  1171
       Staff             |       |       |       |    14 |    42 |    15 |    54 |     6 |    87 ||   218
       Dagger            |       |       |       |       |       |   287 |    17 |       |    29 ||   333
       Demon whip        |       |       |       |       |       |       |       |       |   407 ||   407
Throw: Tomahawk          |       |       |     7 |       |       |       |       |       |       ||     7
 Cast: Pain              |    72 |   117 |   289 |   350 |    42 |     3 |       |       |       ||   873
       Animate Skeleton  |       |     7 |     3 |     5 |     4 |       |     5 |    27 |       ||    51
       Vampiric Draining |       |     1 |     4 |     5 |     4 |       |    22 |       |       ||    36
       Regeneration      |       |     2 |     7 |    10 |    36 |    76 |    77 |    50 |   216 ||   474
       Dispel Undead     |       |       |    17 |    15 |     4 |    48 |    88 |   349 |   448 ||   969
       Agony             |       |       |     3 |    10 |    14 |     6 |     3 |       |       ||    36
       Bolt of Draining  |       |       |       |   156 |   538 |   721 |   811 |   342 |   760 ||  3328
       Excruciating Woun |       |       |       |     5 |     3 |     1 |       |       |       ||     9
       Sublimation of Bl |       |       |       |       |    94 |   194 |   268 |   271 |  1592 ||  2419
       Condensation Shie |       |       |       |       |     2 |       |     2 |     9 |    19 ||    32
       Throw Icicle      |       |       |       |       |       |       |    95 |       |       ||    95
       Iron Shot         |       |       |       |       |       |       |       |   240 |  3806 ||  4046
       Swiftness         |       |       |       |       |       |       |       |     1 |       ||     1
       Death Channel     |       |       |       |       |       |       |       |     5 |    78 ||    83
       Phase Shift       |       |       |       |       |       |       |       |     1 |    53 ||    54
       Dispersal         |       |       |       |       |       |       |       |       |    19 ||    19
       Borgnjor's Revivi |       |       |       |       |       |       |       |       |     3 ||     3
       Freezing Cloud    |       |       |       |       |       |       |       |       |   194 ||   194
       Tornado           |       |       |       |       |       |       |       |       |    41 ||    41
       Lehudib's Crystal |       |       |       |       |       |       |       |       |    25 ||    25
       Controlled Blink  |       |       |       |       |       |       |       |       |    19 ||    19
       Simulacrum        |       |       |       |       |       |       |       |       |     6 ||     6
       Glaciate          |       |       |       |       |       |       |       |       |     5 ||     5
       Necromutation     |       |       |       |       |       |       |       |       |     4 ||     4
       Blink             |       |       |       |       |       |       |       |       |     2 ||     2
 Abil: End Transformatio |       |       |       |       |       |       |       |       |     4 ||     4
       Evoke Flight      |       |       |       |       |       |       |       |       |     1 ||     1
Evoke: Wand              |       |       |       |       |     1 |    13 |     3 |       |    38 ||    55
       Fan of gales      |       |       |       |       |       |       |       |       |     1 ||     1
  Use: Potion            |     3 |     2 |       |       |     5 |     9 |     5 |     2 |    66 ||    92
       Scroll            |     2 |     2 |     9 |    18 |    17 |    19 |    25 |     8 |    98 ||   198
 Stab: Sleeping          |       |     2 |     2 |     3 |     1 |       |       |       |     1 ||     9
       Distracted        |       |       |       |       |       |       |       |       |     2 ||     2
  Eat: Chunk             |     4 |    10 |     7 |    33 |    78 |    33 |       |     3 |     2 ||   170
       Meat ration       |       |       |     3 |     4 |     2 |     1 |     7 |     5 |    19 ||    41
       Beef jerky        |       |       |     3 |     2 |     2 |     3 |     1 |     1 |     7 ||    19
       Pizza             |       |       |       |     3 |     3 |     7 |     2 |     1 |     1 ||    17
       Fruit             |       |       |       |    12 |    18 |     4 |     4 |       |    22 ||    60
       Bread ration      |       |       |       |       |     1 |     2 |       |     1 |     7 ||    11
       Royal jelly       |       |       |       |       |       |     1 |     1 |       |     9 ||    11
